 Dungeon Crawl Stone Soup version 0.31-a0-102-g33a4ccc0cb (webtiles) character file.

Game seed: 5970022103143658825

756 Zonian the Gusty (level 7, -9/37 HPs)
             Began as a Tengu Air Elementalist on May 26, 2023.
             Mangled by a shadow (22 damage)
             ... on level 5 of the Dungeon.
             The game lasted 00:15:31 (5858 turns).

Zonian the Gusty (Tengu Air Elementalist)           Turns: 5858, Time: 00:15:31

Health: -9/37      AC:  5    Str:  9    XL:     7   Next: 79%
Magic:  11/14      EV: 14    Int: 17    God:
Gold:   215        SH:  0    Dex: 14    Spells: 4/14 levels left

rFire   . . .        g - +3 short sword (flame)
rCold   . . .        (no shield)
rNeg    . . .        i - +2 leather armour
rPois   .            (helmet restricted)
rElec   .            (no cloak)
rCorr   .            (no gloves)
SInv    .            (boots unavailable)
Will    .....        m - amulet of regeneration
Stlth   ++           (no ring)
HPRegen 1.06/turn    (no ring)
MPRegen 0.14/turn

%: no passive effects
@: flying quickly and evasively, quick
A: beak, talons 3, nimble flight
a: no special abilities


You were on level 5 of the Dungeon.
You visited 1 branch of the dungeon, and saw 5 of its levels.
You also visited: Sewer.

You collected 215 gold pieces.

Inventory:

Hand Weapons
 d - a +0 heavy quarterstaff
 g - a +3 short sword of flaming (weapon)
 p - a +2 war axe of freezing
 w - a +0 orcbow
Missiles
 c - a throwing net
 u - 6 poisoned darts
Armour
 a - a +0 robe
 i - a +2 leather armour (worn)
 o - an orb of mayhem
 t - a +0 robe of cold resistance
Jewellery
 f - an amulet of reflection
 m - an amulet of regeneration (around neck)
 r - an amulet of the acrobat
Scrolls
 h - 2 scrolls of amnesia
 j - a scroll of fog
 q - a scroll of noise
 v - a scroll of identify
Potions
 b - 2 potions of magic
 e - a potion of invisibility
 k - a potion of enlightenment {unknown}
 l - a potion of degeneration
 n - 2 potions of curing
 s - a potion of might {unknown}


   Skills:
 + Level 0.9 Fighting
 + Level 2.7 Short Blades
 - Level 2.9 Dodging
 - Level 2.6 Stealth
 + Level 4.3 Spellcasting
 + Level 5.5 Conjurations
 + Level 6.8 Air Magic


You had 4 spell levels left.
You knew the following spells:

 Your Spells              Type           Power      Damage    Failure   Level
a - Shock                 Conj/Air       92%        1d8       1%          1
b - Static Discharge      Conj/Air       46%        2-4/arc   3%          2
c - Swiftness             Air            27%        N/A       3%          3
d - Airstrike             Air            13%        2d(2-18)  13%         4

Your spell library contained the following spells:

 Spells                   Type           Power      Damage    Failure   Level


Dungeon Overview and Level Annotations

Branches:
Dungeon (5/15)              Sewer (visited)
 Temple: D:4-7

Altars:
Hepliaklqana
Makhleb
Sif Muna
Uskayaw

Shops:
D:1 [   D:3 [


Innate Abilities, Weirdness & Mutations

You have a beak for a mouth.
You have claws for feet.
Your magical nature lets you fly swiftly and evasively.


Message History

The shadow is moderately damaged.
The shadow slips into darkness.
The shadow flickers and vanishes!
Deactivating autopickup; reactivate with Ctrl-A.
You closely miss something.
The shadow strikes at you from the darkness!
Ouch! That really hurt!
Reactivating autopickup.
Unknown command.
Okay, then.
Okay, then.
Press: ? - help, v - describe, . - travel
Here: a shadow (moderately damaged)
The floor.
Okay, then.
Press: ? - help, v - describe, . - travel The floor, spattered with blood.
Unknown command.
Okay, then.
Okay, then.
Casting: Shock (safe; 1% risk of failure)
Confirm with . or Enter, or press ? or * to list all spells.
Aiming: Shock (safe; 1% risk of failure)
Press: ? - help, Shift-Dir - straight line The zap hits the shadow.
The shadow is moderately damaged.
The zap hits the shadow.
The shadow is heavily damaged.
The shadow slips into darkness.
The shadow flickers and vanishes!
Deactivating autopickup; reactivate with Ctrl-A.
Casting: Shock (safe; 1% risk of failure)
Confirm with . or Enter, or press ? or * to list all spells.
Something is struck by an arc of lightning.
You are struck by an arc of lightning.
Something is struck by an arc of lightning.
The lightning grounds out.
The shadow strikes at you from the darkness!
Ouch! That really hurt!
You die...

## ..#.. ... #.#.#
#.# ##.#.###.####
#.....##....#
###..#........#
.......##.#.######
#####.##.............
#..{@....#.....######
#....#.†...#.#.#
#.##.#.#####.#.# #
..... #.#.# #######
#.#.# ..#.. ## #####
.. .. ##


There were no monsters in sight!

Vanquished Creatures
  A black bear (D:4)
  An ogre (D:4)
  A centaur (D:5)
  2 bullfrogs (Sewer)
  A howler monkey (D:4)
  A hound (D:5)
  An orc priest (D:4)
  2 iguanas
  2 orc wizards (D:4)
  5 adders
  A river rat (D:4)
  2 dart slugs
  3 orcs (D:4)
  10 endoplasms
  19 giant cockroaches
  3 hobgoblins
  6 jackals
  11 kobolds
  10 quokkas
  10 ball pythons
  6 bats
  10 frilled lizards
  9 goblins
  10 rats
127 creatures vanquished.

Notes
Turn   | Place    | Note
-------+----------+-------------------------------------------
     0 | D:1      | Zonian the Tengu Air Elementalist began the quest for the
                  | Orb.
     0 | D:1      | Reached XP level 1. HP: 10/10 MP: 4/4
   158 | D:1      | Reached XP level 2. HP: 15/15 MP: 4/6
   378 | D:1      | Found Vureh's Antique Armour Shop.
   672 | D:1      | Reached XP level 3. HP: 19/19 MP: 2/7
  2281 | D:2      | Reached XP level 4. HP: 24/24 MP: 5/8
  3288 | D:4      | Noticed an ogre
  3310 | D:4      | Learned a level 2 spell: Static Discharge
  3314 | D:4      | Learned a level 3 spell: Swiftness
  3366 | D:4      | Gained mutation: Your magical nature lets you fly swiftly
                  | and evasively. [Tengu growth]
  3366 | D:4      | Reached XP level 5. HP: 28/28 MP: 2/10
  3378 | D:4      | Reached skill level 5 in Air Magic
  3391 | D:4      | Found a glowing drain.
  3395 | Sewer    | Entered a sewer
  3717 | Sewer    | Reached XP level 6. HP: 12/32 MP: 6/12
  4193 | D:4      | Noticed a black bear
  4280 | D:4      | Found a shimmering blue altar of Sif Muna.
  4311 | D:4      | Reached skill level 1 in Short Blades
  4317 | D:4      | Reached skill level 6 in Air Magic
  4365 | D:4      | Learned a level 4 spell: Airstrike
  4719 | D:4      | Reached XP level 7. HP: 36/36 MP: 7/13
  4799 | D:3      | Found a burning altar of Makhleb.
  4957 | D:3      | Found Coutaith's Armour Shop.
  5258 | D:4      | Reached skill level 5 in Conjurations
  5599 | D:5      | Entered Level 5 of the Dungeon
  5601 | D:5      | Found a hide-covered altar of Uskayaw.
  5782 | D:5      | Found a hazy altar of Hepliaklqana.
  5845 | D:5      | Noticed a shadow
  5858 | D:5      | Mangled by a shadow

Illustrated notes

Levels and vault maps discovered:
D:1:      eino_arrival_cavern_b, layout_rooms, serial_shops, shop,
          dk_noncrumbling_4
D:2:      layout_basic, kennysheep_crisscross, minmay_cut_off
D:3:      layout_basic, old_standard_altar, serial_shops,
          nicolae_shop_waterfront
D:4:      layout_gridville, mainiacjoe_overflow_small_starburst,
          gup_sewer_entry_spiral
D:5:      layout_basic, grunt_temple_overflow_growth_and_decay,
          nicolae_uskayaw_suspiria, chequers_temple_overflow_statue_of_worship,
          mainiacjoe_overflow_concentric_impassable, uniq_grinder

Skill      XL: |  1  2  3  4  5  6  7 |
---------------+----------------------+-----
Conjurations   | 2 3 4 5 |  5.5
Air Magic      | 5 6 |  6.8
Spellcasting   | 3 4 |  4.3
Short Blades   | 1 2 |  2.7
Fighting       | |  0.9
Dodging        | |  2.9
Stealth        | |  2.6

Action                     |  1- 3 |  4- 6 |  7- 9 || total
---------------------------+-------+-------+-------++-------
  Melee: Quarterstaff      |     2 |       |       ||     2
         Short sword       |    48 |    89 |    17 ||   154
         Peck              |     4 |     5 |     1 ||    10
         Kick              |    14 |    20 |     7 ||    41
   Cast: Shock             |    49 |    32 |    32 ||   113
         Static Discharge  |       |     7 |     1 ||     8
    Use: Scroll            |       |    14 |       ||    14
         Potion            |       |     1 |       ||     1
   Stab: Sleeping          |     3 |    13 |     3 ||    19
 Armour: Robe              |     2 |       |       ||     2
         Leather armour    |    16 |    15 |     4 ||    35
  Dodge: Dodged            |    33 |    59 |    17 ||   109

Table legend: (Time is in decaauts)
 A = Elapsed time spent in this place.
 B = Non-inter-level travel time spent in this place.
 C = Inter-level travel time spent in this place.
 D = Time resting spent in this place.
 E = Time spent auto-exploring this place.
 F = Levels seen in this place.
 G = Mean time per level.
                   A        B        C        D        E       F      G
               +--------+--------+--------+--------+--------+-----+--------+
         Total |   5731 |   5629 |    102 |   2301 |   2130 |   6 |  955.2 |
       Dungeon |   5069 |   4967 |    102 |   1905 |   2064 |   5 | 1013.8 |
         Sewer |    662 |    662 |      0 |    396 |     65 |   1 |  662.0 |
               +--------+--------+--------+--------+--------+-----+--------+

Top non-repeatable levels by time:
     D:2: 1787 daAuts
     D:1: 1203 daAuts
     D:4: 1134 daAuts
     D:3: 697 daAuts
   Sewer: 662 daAuts
     D:5: 245 daAuts
